 Dungeon Crawl Stone Soup version 0.20-a0-309-gcba9277 (webtiles) character file.

114 RogueShenanigans the Conjurer (level 4, 0/24 HPs)
             Began as a Deep Elf Conjurer on Dec 18, 2016.
             Succumbed to an adder's poison
             ... on level 2 of the Dungeon.
             The game lasted 00:04:54 (1487 turns).

RogueShenanigans the Conjurer (Deep Elf Conjurer)   Turns: 1487, Time: 00:04:55

Health: 0/24       AC:  3    Str:  5    XL:     4   Next: 67%
Magic:  0/12       EV: 13    Int: 21    God:
Gold:   97         SH:  0    Dex: 15    Spells: 5/12 levels left

rFire  . . .     SeeInvis +     (no weapon)
rCold  . . .     Gourm    .     a - +0 robe
rNeg   . . .     Faith    .     (no shield)
rPois  .         Spirit   .     (no helmet)
rElec  .         Reflect  .     (no cloak)
rCorr  .         Harm     .     (no gloves)
MR     .....                    i - +0 pair of boots
Stlth  ++........               (no amulet)
                                e - ring of see invisible
                                f - ring of flight

@: lethally poisoned (0 -> -3), very slightly contaminated, hasted, very quick
A: no striking features
a: Evoke Flight


You were on level 2 of the Dungeon.
You were hungry.

You visited 1 branch of the dungeon, and saw 3 of its levels.

You collected 97 gold pieces.

Inventory:

Armour
 a - a +0 robe (worn)
 i - a +0 pair of boots (worn)
Jewellery
 e - a ring of see invisible (right hand)
 f - a ring of flight (left hand)
Potions
 d - a potion of agility
Books
 b - a book of Conjurations

   Spells                             Type                      Level
   a - Magic Dart                     Conjuration                  1
   b - Searing Ray                    Conjuration                  2
   c - Dazzling Spray                 Conjuration/Hexes            3
   d - Fulminant Prism                Conjuration/Hexes            4
   e - Iskenderun's Mystic Blast      Conjuration                  4
   f - Iskenderun's Battlesphere      Conjuration/Charms           5
 l - a book of Maledictions

   Spells                             Type                      Level
   a - Corona                         Hexes                        1
   b - Ensorcelled Hibernation        Hexes/Ice                    2
   c - Confuse                        Hexes                        3
   d - Tukima's Dance                 Hexes                        3
   e - Dazzling Spray                 Conjuration/Hexes            3
Comestibles
 c - 2 bread rations
 g - a slice of pizza
 h - 3 meat rations
 q - 4 fruits


   Skills:
 - Level 2.4 Dodging
 - Level 2.4 Stealth
 + Level 4.6 Spellcasting
 * Level 6.0 Conjurations


You had 5 spell levels left.
You knew the following spells:

 Your Spells              Type           Power        Failure   Level  Hunger
a - Magic Dart            Conj           ####         1%          1    None
b - Searing Ray           Conj           ####..       1%          2    #......
c - Iskenderun's Mystic   Conj           ####....     12%         4    ####...


Dungeon Overview and Level Annotations

Branches:
Dungeon (3/15)

Altars:
Okawaru


Message History

You are very lightly contaminated with residual magic.
Casting: Magic Dart
Confirm with . or Enter, or press ? or * to list all spells.
You don't have enough magic to cast that spell.
* * * LOW HITPOINT WARNING * * *
You feel sick.
Casting: Magic Dart
Confirm with . or Enter, or press ? or * to list all spells.
Aiming: Magic Dart
Press: ? - help, Shift-Dir - straight line, f - goblin
Aim: a goblin, wielding a club The magic dart hits the goblin.
You kill the goblin!
Casting: Magic Dart
Confirm with . or Enter, or press ? or * to list all spells.
You don't have enough magic to cast that spell.
Unknown command.
* * * LOW HITPOINT WARNING * * *
You feel sick.
You die...

#.# #.........# #.#####.#####.#.#
#..........>..#.# ########
#######.#######.##########.......
#.##.................#####.
#.##.####......>......# #. #.##†#
#.##.#.##.##..# #.
##(##.####)##.#.##.##..# #.
####.....)....@#.#.##.##..# #.
#......#.##†...(......#.#.####.
#.##.#.........................
#.##......#.#..#.####..........
#.##..###.#.#..#.####.###.####.
#.##..# #..........##..........
#.##..###.#.#.............####.
###†##......#.)...##.##.########.
.......#####.<....##.......(.....


There were no monsters in sight!

Vanquished Creatures
  An orc priest (D:3)
  3 adders
  A worm (D:2)
  2 dart slugs (D:1)
  A leopard gecko (D:2)
  2 orcs
  9 goblins
  6 hobgoblins
  3 jackals (D:2)
  6 kobolds
  A quokka (D:2)
  A ball python (D:2)
  6 bats
  2 frilled lizards (D:2)
  6 rats
50 creatures vanquished.

Notes
Turn   | Place    | Note
-------+----------+-------------------------------------------
     0 | D:1      | RogueShenanigans the Deep Elf Conjurer began the quest for the Orb.
     0 | D:1      | Reached XP level 1. HP: 10/10 MP: 6/6
   230 | D:1      | Reached XP level 2. HP: 15/15 MP: 5/8
   234 | D:1      | Learned a level 2 spell: Searing Ray
   633 | D:2      | Reached skill level 5 in Conjurations
   770 | D:2      | Reached XP level 3. HP: 19/19 MP: 6/10
   900 | D:2      | Found an iron altar of Okawaru.
  1369 | D:2      | Reached XP level 4. HP: 24/24 MP: 8/12
  1375 | D:2      | Learned a level 4 spell: Iskenderun's Mystic Blast
  1475 | D:2      | Reached skill level 6 in Conjurations
  1482 | D:2      | HP: 1/24 [poisoned by an adder]
  1487 | D:2      | Succumbed to an adder's poison

Vault maps used:
D:1:      minmay_arrival_loop
D:2:      okawaru_metal_pillars_3, first_bread
D:3:      overflow_temple_1_default, uniq_crazy_yiuf_cottage

Skill      XL: |  1  2  3  4 |
---------------+-------------+-----
Conjurations   | 5 6 |  6.0
Spellcasting   | 4 |  4.6
Dodging        | |  2.4
Stealth        | |  2.4

Action                   |  1- 3 |  4- 6 || total
-------------------------+-------+-------++-------
 Cast: Magic Dart        |    74 |    16 ||    90
       Searing Ray       |     3 |       ||     3
       Iskenderun's Myst |       |     1 ||     1
  Use: Scroll            |     1 |     5 ||     6
       Potion            |       |     1 ||     1
  Eat: Chunk             |     1 |       ||     1
Armor: Robe              |     1 |     2 ||     3
Dodge: Dodged            |     3 |     9 ||    12
